 Dungeon Crawl Stone Soup version 0.15.0-18-g9076a4f (webtiles) character file.

750 Johnny the Bolt Thrower (level 8, -1/58 HPs)
             Began as a Formicid Hunter on Sept 7, 2014.
             Slain by a centaur (2 damage)
             ... on Level 5 of the Dungeon.
             The game lasted 00:19:04 (5405 turns).

Johnny the Bolt Thrower (Formicid Hunter)           Turns: 5405, Time: 00:19:05

HP  -1/58        AC  8     Str 15 (17) XL: 8   Next:  6%
MP  16/16        EV  6     Int 16      God:
Gold 163         SH 12     Dex 13      Spells:  0 memorised, 11 levels left

rFire  + . .     SeeInvis +     k - +7 spear
rCold  . . .     Clarity  .     e - +0 scale mail
rNeg   . . .     rCorr    .     q - +3 shield
rPois  .         rRot     .     (helmet unavailable)
rElec  .         Spirit   .     (no cloak)
SustAb .         Warding  .     r - +0 pair of gloves
rMut   .         Stasis   +     (no boots)
Gourm  .                        (no amulet)
MR     .....                    m - ring of protection from fire
                                y - ring of wizardry

@: brilliant, not resistant to hostile enchantments, very unstealthy
A: permanent stasis, dig shafts and tunnels, four strong arms, antennae 3
a: Dig, Shaft Self


You were on level 5 of the Dungeon.
You were not hungry.

You visited 1 branch of the dungeon, and saw 5 of its levels.

You collected 163 gold pieces.

Inventory:

Hand weapons
 a - a +0 short sword
 b - a +1 hand crossbow
 k - a +7 spear (weapon)
 x - a +0 falchion
Missiles
 c - 4 bolts
 h - 19 poisoned arrows
 i - 37 arrows
Armour
 d - a +0 leather armour
 e - a +0 scale mail (worn)
 o - a +0 buckler
 q - a +3 shield (worn)
 r - a +0 pair of gloves (worn)
Comestibles
 f - 2 bread rations
 n - a fruit
 t - 2 meat rations
Scrolls
 j - 2 scrolls of blinking
 l - a scroll of identify
 s - 3 scrolls of amnesia
 v - a scroll of teleportation
Jewellery
 m - a ring of protection from fire (right hand)
 y - a ring of wizardry (left hand)
Potions
 g - a potion of restore abilities


   Skills:
 * Level 3.0 Fighting
 - Level 1.3(1.5) Short Blades
 - Level 1.2(1.5) Long Blades
 * Level 1.2 Polearms
 * Level 5.2 Crossbows
 * Level 3.6 Armour
 * Level 3.0 Dodging
 * Level 3.4 Stealth
 * Level 3.4 Shields
 * Level 2.0 Spellcasting


You had 11 spell levels left.
You didn't know any spells.

Dungeon Overview and Level Annotations

Branches:
Dungeon (5/15)
 Temple: D:4-7

Altars:
Elyvilon
Kikubaaqudgha
Nemelex Xobeh
Xom

Annotations:
D:4 Dowan
D:5 Nebuchadnezzar's ghost, experienced DrBe


Innate Abilities, Weirdness & Mutations

Your are under a permanent stasis effect.
You can dig through walls and to a lower floor.
Your four strong arms can wield two-handed weapons with a shield.
You have a pair of large antennae on your head (SInv).


Message History

You block the centaur's attack. The centaur hits you.
* * * LOW HITPOINT WARNING * * *
You hit the centaur.
The centaur is heavily wounded.
The centaur hits you.
* * * LOW HITPOINT WARNING * * *
You block the centaur's attack.
You puncture the centaur!
The centaur is severely wounded.
The centaur hits you but does no damage.
The gnoll hits you from afar with a runed halberd.
* * * LOW HITPOINT WARNING * * *
You don't know any spells.
Unknown command.
Use which ability? (? or * to list) Are you sure you want to shaft yourself?
You feel somewhat more hungry. The centaur hits you.
* * * LOW HITPOINT WARNING * * *
The centaur hits you.
You die...

#.......... ### .
#.......c.. #....
#.(......... .....
#..(.......# #....
#.g........# #...#
##g######## #..##
#g# ####..## #c#
#....##. #@#
#####.#.....
##(#####.....#.##.#
#...#.............#
#.....#..........#.
#....###......(.##.
#...## ##########..
#..## ..# #.... #
#.....


You could see a centaur and 3 gnolls.

Vanquished Creatures
  A sky beast (D:4)
  A phantom (D:4)
  2 ogres
  Duvessa (D:4)
  An orc wizard (D:4)
  A hound (D:4)
  A worker ant (D:4)
  Ijyb (D:2)
  7 adders
  4 gnolls
  A worm (D:2)
  3 oozes
  7 orcs
  13 bats
  A bat skeleton (D:5)
  8 giant cockroaches
  10 hobgoblins
  14 kobolds
  A ball python (D:2)
  3 giant newts
  9 goblins
  19 jackals
  A kobold skeleton (D:3)
  An orc zombie (D:5)
  9 rats
120 creatures vanquished.

Vanquished Creatures (others)
  A goblin (D:4)
  2 butterflies (D:3)
3 creatures vanquished.

Grand Total: 123 creatures vanquished

Notes
Turn   | Place    | Note
--------------------------------------------------------------
     0 | D:1      | Johnny, the Formicid Hunter, began the quest for the Orb.
     0 | D:1      | Reached XP level 1. HP: 15/15 MP: 1/1
    59 | D:1      | Reached XP level 2. HP: 15/21 MP: 3/3
   432 | D:1      | Reached XP level 3. HP: 26/26 MP: 4/4
   644 | D:1      | Reached skill level 1 in Armour
  1450 | D:2      | Noticed Ijyb
  1472 | D:2      | Reached XP level 4. HP: 32/32 MP: 5/5
  1509 | D:2      | Killed Ijyb
  1509 | D:2      | Reached skill level 1 in Short Blades
  1723 | D:2      | Found a sparkling altar of Nemelex Xobeh.
  2016 | D:3      | Reached XP level 5. HP: 34/38 MP: 7/7
  2090 | D:3      | Reached skill level 1 in Shields
  3167 | D:4      | Noticed a phantom
  3978 | D:4      | Reached skill level 1 in Long Blades
  3978 | D:4      | Reached skill level 1 in Spellcasting
  3978 | D:4      | Reached XP level 6. HP: 34/44 MP: 7/10
  4464 | D:4      | Killed a phantom
  4464 | D:4      | Reached XP level 7. HP: 19/51 MP: 11/11
  4576 | D:4      | Reached skill level 5 in Crossbows
  4726 | D:4      | Noticed an ogre
  4731 | D:4      | Killed an ogre
  4797 | D:4      | Noticed a sky beast
  4816 | D:4      | Killed a sky beast
  4930 | D:4      | Found an ancient bone altar of Kikubaaqudgha.
  4930 | D:4      | Found a white marble altar of Elyvilon.
  4931 | D:4      | Found a shimmering altar of Xom.
  4980 | D:4      | Noticed Dowan
  4983 | D:4      | Noticed Duvessa
  5019 | D:4      | Killed Duvessa
  5019 | D:4      | Reached skill level 1 in Polearms
  5028 | D:4      | HP: 1/51 [Dowan/stone arrow (4)]
  5030 | D:4      | You fall through a shaft!
  5030 | D:5      | Entered Level 5 of the Dungeon
  5335 | D:5      | Noticed Nebuchadnezzar's ghost (experienced DrBe)
  5395 | D:5      | Reached XP level 8. HP: 23/58 MP: 16/16
  5405 | D:5      | HP: 1/58 [centaur (4)]
  5405 | D:5      | Slain by a centaur

Action                   |  1- 3 |  4- 6 |  7- 9 || total
-------------------------+-------+-------+-------++-------
Melee: Short sword       |    65 |    70 |       ||   135
       Falchion          |       |   222 |       ||   222
       Spear             |       |    34 |    85 ||   119
 Fire: Hand crossbow     |    75 |    34 |       ||   109
 Abil: Dig               |     1 |     1 |     2 ||     4
       Shaft Self        |       |       |     2 ||     2
  Use: Scroll            |       |    12 |       ||    12
       Potion            |       |     6 |     1 ||     7
  Eat: Meat ration       |     1 |     1 |       ||     2
       Chunk             |       |     2 |     1 ||     3
       Fruit             |       |       |     4 ||     4
